 Dungeon Crawl Stone Soup version bcrawl-1.38.3 (webtiles) character file.

Game seed: 10165680032005633019

147896 Corvidia the Changer (level 4, 0/35 HPs)
             Began as a Draconian Transmuter on May 12, 2023.
             Succumbed to Ijyb's poison
             ... on level 2 of the Dungeon.
             The game lasted 00:03:36 (1713 turns).

Corvidia the Changer (Draconian Transmuter)         Turns: 1713, Time: 00:03:36

Health: 0/35       AC:  0    Str: 12    XL:     4   Next: 46%
Magic:  3/7        EV: 14    Int: 14    God:
Gold:   167        SH:  0    Dex: 12    Spells: 1/7 levels left

rFire    . . .     GDR:     24%   - Teeth (4.5)
rCold    . . .     SeeInvis .   (shield currently unavailable)
rNeg     . . .     Gourm    .   (armour unavailable)
rPois    .         Faith    .   (helmet currently unavailable)
rElec    .         Spirit   .   (cloak currently unavailable)
rCorr    .         Reflect  .   (gloves currently unavailable)
MR       .....                  (boots currently unavailable)
Stlth    ++........             (no amulet)
HPRegen  0.15/turn              (ring currently unavailable)
MPRegen  0.10/turn              (ring currently unavailable)

@: lethally poisoned (0 -> -10), pig-form, very quick
A: small, unfitting armour, deterioration 1, no potion heal 1, AC +5
a: no special abilities


You were on level 2 of the Dungeon.
You were very hungry.
You were a filthy swine.
You visited 1 branch of the dungeon, and saw 3 of its levels.

You collected 167 gold pieces.

Inventory:

Missiles
 a - 204 arrows
Armour
 f - a +0 pair of boots (melded)
Scrolls
 b - a scroll of teleportation {unknown}
 d - a scroll of fog {unknown}
 g - a scroll of enchant armour {unknown}
 h - a scroll of noise {unknown}
 i - a scroll of identify
 j - a scroll of amnesia {unknown}
 k - a scroll of blinking {unknown}
 l - 2 scrolls of immolation {unknown}
 n - 2 scrolls of remove curse {unknown}
Potions
 c - a potion of lignification
Comestibles
 e - 2 rations {!d}


   Skills:
 - Level 1.1 Fighting
 - Level 2.0 Dodging
 - Level 2.0 Stealth
 - Level 3.0 Unarmed Combat
 - Level 2.0 Spellcasting
 * Level 4.1 Transmutations


You had one spell level left.
You knew the following spells:

 Your Spells              Type           Power        Failure   Level  Hunger
a - Beastly Appendage     Tmut           ##....       4%          1    None
b - Spider Form           Tmut/Pois      #..          30%         3    ####...
c - Sticks to Snakes      Tmut           ##......     7%          2    ##.....

Your spell library contained the following spells:

 Spells                   Type           Power        Failure   Level  Hunger
 Passwall                 Tmut/Erth      #.......     16%         2    ##.....
 Ice Form                 Ice/Tmut       #.......     71%         4    ######.
 Blade Hands              Tmut           ##........   77%         5    #######


Dungeon Overview and Level Annotations

Branches:
Dungeon (3/12)

Altars:

Annotations:
D:3 Ijyb


Innate Abilities, Weirdness & Mutations

((Your plain brown scales are hard. (AC +5)))
You cannot fit into any form of body armour.
((You are cold-blooded and may be slowed by cold attacks.))
Your body sometimes deteriorates upon taking damage.
((You are covered in fur. (AC +1)))
Potions are less effective at restoring your health.


Message History

You feel sick.
Your ball python bites Ijyb but does no damage.
Your ball python constricts Ijyb.
Ijyb shoots a sling bullet.
The sling bullet misses you.
Your adder bites Ijyb but does no damage.
A rune on the stairs sparks and fizzles.
You climb upwards.
* * * LOW HITPOINT WARNING * * *
You feel sick.
There is a stone staircase leading down here.
There is a lethal amount of poison in your body!
* * * LOW HITPOINT WARNING * * *
You feel sick.
Really quaff the potion of lignification?
You are stuck in your current form!
* * * LOW HITPOINT WARNING * * *
You feel sick.
* * * LOW HITPOINT WARNING * * *
You feel sick.
You die...

#########
#######.......#
.....##.......# ###
.###.##.......######.#
.# #.##..............#
.###.##.......<#####.#
.#...##.)..........#.#
......'.............>#
.#.####.........h..###
'#'####.......######
......#.......#
......#.......#
......#....)..#
'#+#########'##
.#.###.......#
.#...#.##########
.###.#.# #......#


There were no monsters in sight!

Vanquished Creatures
  Robin (D:2)
  A worm (D:2)
  2 dart slugs
  3 leopard geckos
  An orc (D:3)
  3 bats (D:1)
  A giant cockroach (D:1)
  16 goblins
  12 hobgoblins
  2 jackals (D:2)
  A ball python (D:2)
  3 frilled lizards
  9 kobolds
  10 rats
65 creatures vanquished.

Vanquished Creatures (collateral kills)
  A gnoll (D:3)
  A bat (D:3)
2 creatures vanquished.

Grand Total: 67 creatures vanquished

Notes
Turn   | Place    | Note
-------+----------+-------------------------------------------
     0 | D:1      | Corvidia the Draconian Transmuter began the quest for the
                  | Orb.
     0 | D:1      | Reached XP level 1. HP: 16/16 MP: 3/3
   148 | D:1      | Reached XP level 2. HP: 23/23 MP: 5/5
   306 | D:1      | Reached skill level 1 in Stealth
   409 | D:1      | Reached skill level 3 in Transmutations
   635 | D:2      | Reached XP level 3. HP: 28/28 MP: 6/6
   717 | D:2      | Noticed Robin
   746 | D:2      | Killed Robin
   806 | D:2      | Learned a level 3 spell: Spider Form
   809 | D:2      | Learned a level 2 spell: Sticks to Snakes
  1010 | D:2      | Reached XP level 4. HP: 35/35 MP: 7/7
  1619 | D:3      | Noticed Ijyb
  1695 | D:3      | Reached skill level 4 in Transmutations
  1703 | D:3      | Gained mutation: Your body sometimes deteriorates upon
                  | taking damage. [potion of mutation]
  1703 | D:3      | Gained mutation: Potions are less effective at restoring
                  | your health. [potion of mutation]
  1703 | D:3      | Gained mutation: You are covered in fur. (AC +1) [potion of
                  | mutation]
  1711 | D:2      | HP: 1/35 [poisoned by Ijyb]
  1713 | D:2      | Succumbed to Ijyb's poison

Skill      XL: |  1  2  3  4 |
---------------+-------------+-----
Dodging        | 2 |  2.0
Stealth        | 1 2 |  2.0
Transmutations | 3 4 |  4.1
Fighting       | |  1.1
Unarmed Combat | |  3.0
Spellcasting   | |  2.0

Action                   |  1- 3 |  4- 6 || total
-------------------------+-------+-------++-------
Melee: Unarmed           |   165 |    72 ||   237
       Tailslap          |    13 |     7 ||    20
       Punch             |     2 |       ||     2
       Headbutt          |     5 |       ||     5
 Cast: Beastly Appendage |     2 |       ||     2
       Sticks to Snakes  |       |     6 ||     6
  Use: Scroll            |     1 |       ||     1
       Potion            |       |     1 ||     1
 Stab: Sleeping          |     4 |       ||     4
       Distracted        |     1 |       ||     1
  Eat: Chunk             |     4 |     3 ||     7
Armor: Skin              |    43 |    25 ||    68
Dodge: Dodged            |    81 |    64 ||   145
